 Dungeon Crawl Stone Soup version 0.29-a0-495-g17b79114eb (webtiles) character file.

Game seed: 13105746651920176390

35287 happo123 the Covert (level 14, 0/84 HPs)
             Began as a Kobold Enchanter on May 27, 2022.
             Was a High Priest of Dithmenos.
             Slain by a death yak (21 damage)
             ... on level 6 of the Lair of Beasts.
             The game lasted 02:07:45 (20785 turns).

happo123 the Covert (Kobold Enchanter)             Turns: 20785, Time: 02:07:46

Health: 0/84       AC: 13    Str:  5    XL:     14   Next: 17%
Magic:  18/27      EV: 19    Int: 21    God:    Dithmenos [*****.]
Gold:   2217       SH:  5    Dex: 16    Spells: 20/32 levels left

rFire   x . .      SeeInvis .   v - +4 short sword "Bung" {vorpal, Fly rC+}
rCold   + + .      Faith    .   (no shield)
rNeg    . . .      Spirit   .   U - +4 troll leather armour
rPois   .          Reflect  +   W - +1 hat {Will+}
rElec   .          Harm     .   a - scarf {shadows}
rCorr   .          Rampage  .   t - +1 pair of gloves
Will    +++..                   g - +0 pair of boots
Stlth   ++++++++++              l - amulet of reflection
HPRegen 1.04/turn               u - ring of willpower
MPRegen 0.20/turn               C - ring of ice

@: flying, wreathed by umbra
A: small, no large weapons, nightstalker 3
a: Renounce Religion, Shadow Step, Shadow Form


You were on level 6 of the Lair of Beasts.
You worshipped Dithmenos.
Dithmenos was extremely pleased with you.
You visited 4 branches of the dungeon, and saw 20 of its levels.
You also visited: Sewer and Bailey.

You collected 2241 gold pieces.
You spent 24 gold pieces at shops.

Inventory:

Hand Weapons
 q - a +0 arbalest of electrocution
 v - the +4 short sword "Bung" (weapon) {vorpal, Fly rC+}
   (You found it on level 4 of the Dungeon)

   It inflicts extra damage upon your enemies.
   rC:        It protects you from cold.
   Fly:       It grants you flight.
 z - a +6 flail of protection
 N - a +0 arbalest of flaming
 S - the +10 hand axe of Mueprelow {vorpal, MP+9 Str+2}
   (You found it on level 9 of the Dungeon)

   It inflicts extra damage upon your enemies.
   Str:       It affects your strength (+2).
   MP:        It affects your magic capacity (+9).
Armour
 a - a scarf of shadows (worn)
 g - a +0 pair of boots (worn)
 t - a +1 pair of gloves (worn)
 G - a +0 helmet
 L - +0 steam dragon scales
 O - +2 ice dragon scales
 U - a +4 troll leather armour (worn)
 W - a +1 hat of willpower (worn)
Magical Staves
 E - a staff of cold
Jewellery
 b - a ring of fire
 i - a ring of fire
 l - an amulet of reflection (around neck)
 u - a ring of willpower (left hand)
 C - a ring of ice (right hand)
 V - a ring of see invisible
Wands
 y - a wand of acid (3)
 D - a wand of mindburst (38)
 J - a wand of flame (8)
 M - a wand of paralysis (15)
 Q - a wand of charming (8)
Scrolls
 f - 2 scrolls of blinking {unknown}
 j - 4 scrolls of magic mapping
 k - 2 scrolls of vulnerability {unknown}
 m - 4 scrolls of amnesia
 o - 4 scrolls of fog
 r - 2 scrolls of teleportation
 s - 3 scrolls of fear
 w - 6 scrolls of poison
 x - 3 scrolls of immolation
 A - 2 scrolls of summoning {unknown}
 F - 2 scrolls of silence {unknown}
 H - 2 scrolls of enchant weapon {unknown}
Potions
 c - a potion of invisibility
 d - 7 potions of lignification
 e - a potion of magic {unknown}
 h - 5 potions of curing
 n - a potion of haste {unknown}
 p - a potion of brilliance {unknown}
 B - 6 potions of degeneration
 I - a potion of might {unknown}
 K - a potion of berserk rage {unknown}
 R - 2 potions of ambrosia {unknown}
 T - 2 potions of heal wounds
 X - 2 potions of flight {unknown}
Miscellaneous
 P - a tin of tremorstones (2/2)


   Skills:
 + Level 8.6 Fighting
 + Level 10.4 Short Blades
 + Level 4.7 Crossbows
 + Level 4.1 Armour
 + Level 9.9 Dodging
 + Level 11.8 Stealth
 + Level 9.7 Spellcasting
 * Level 11.6 Hexes
 * Level 1.5 Air Magic
 + Level 7.9 Invocations


You had 20 spell levels left.
You knew the following spells:

 Your Spells              Type           Power      Damage    Failure   Level
a - Ensorcelled Hibernat  Hex/Ice        100%       N/A       1%          2
b - Tukima's Dance        Hex            56%        N/A       1%          3
c - Confusing Touch       Hex            56%        N/A       1%          3
d - Dazzling Flash        Conj/Hex       68%        N/A       2%          3
e - Foxfire               Conj/Fire      40%        2x1d6     11%         1

Your spell library contained the following spells:

 Spells                   Type           Power      Damage    Failure   Level
 Inner Flame              Hex/Fire       34%        N/A       2%          3
 Anguish                  Hex/Necr       17%        N/A       10%         4
 Magic Dart               Conj           40%        1d5       11%         1
 Necrotize                Necr           40%        1d6       11%         1
 Sandblast                Erth           20%        2d7       11%         1
 Blink                    Tloc           20%        N/A       16%         2
 Call Imp                 Summ           10%        N/A       16%         2
 Passwall                 Tmut/Erth      8%         N/A       16%         2
 Mephitic Cloud           Conj/Pois/Air  12%        N/A       26%         3
 Metabolic Englaciation   Hex/Ice        25%        N/A       26%         5
 Conjure Flame            Conj/Fire      10%        6-21      30%         3
 Ozocubu's Armour         Ice            15%        N/A       30%         3
 Spider Form              Tmut/Pois      10%        N/A       30%         3
 Stone Arrow              Conj/Erth      20%        3d8       30%         3
 Vampiric Draining        Necr           10%        2d6       30%         3
 Airstrike                Air            8%         N/A       50%         4
 Summon Lightning Spire   Summ/Air       13%        N/A       58%         4
 Corpse Rot               Necr/Pois/Air  12%        N/A       63%         4
 Dispel Undead            Necr           10%        3d9       71%         4
 Flame Wave               Conj/Fire      10%        2d5       71%         4
 Lightning Bolt           Conj/Air       6%         1d18      91%         5
 Freezing Cloud           Conj/Ice/Air   9%         6-21      93%         5
 Agony                    Necr           10%        N/A       96%         5
 Manifold Assault         Tloc           10%        N/A       96%         5
 Death Channel            Necr           5%         N/A       100%        6
 Simulacrum               Ice/Necr       7%         N/A       100%        6
 Storm Form               Tmut/Air       6%         N/A       100%        7
 Chain Lightning          Conj/Air       6%         3d8       100%        9
 Fire Storm               Conj/Fire      5%         8d1       100%        9
 Polar Vortex             Ice            7%         N/A       100%        9
 Shatter                  Erth           5%         3d8*      100%        9


Dungeon Overview and Level Annotations

Branches:
Dungeon (11/15)            Temple (1/1) D:4            Lair (6/6) D:11
 Shoals (0/4) Lair:3        Snake (0/4) Lair:4          Orc (2/2) D:10
  Sewer (visited)          Bailey (visited)
  Slime: Lair:5-6       Elf: Orc:2

Altars:
Ashenzari
Cheibriados
Dithmenos
Elyvilon
Fedhas
Gozag
Hepliaklqana
Kikubaaqudgha
Makhleb
Nemelex Xobeh
Okawaru
Qazlal
Ru
Sif Muna
Trog
Uskayaw
Vehumet
Wu Jian
Xom
Yredelemnul
Zin
The Shining One

Shops:
D:3 ?   D:10 [

Annotations:
D:10 Fannar
Lair:2 exclusion: ice statue
Orc:2 Rupert


Innate Abilities, Weirdness & Mutations

You are small and have problems with some larger weapons.
You are completely attuned to the shadows.


Message History

You can't go up here!
The death yak is no longer blind.
You block the death yak's attack. The death yak misses you.
You fly downwards.
There is a stone staircase leading up here.
The death yak attacks as you move away! The death yak completely misses you.
Found a wand of acid (5).
The death yak attacks as you move away! The death yak gores you!
* * * LOW HITPOINT WARNING * * *
The death yak attacks as you move away! The death yak closely misses you.
You feel better.
The death yak gores you but does no damage.
The death yak attacks as you move away! The death yak gores you.
* * * LOW HITPOINT WARNING * * *
Aiming: Ensorcelled Hibernation (safe; 1% risk of failure)
Press: ? - help, Q - select action, (/) - cycle Shift-Dir - straight line, f - death yak
Aim: a death yak (moderately wounded, umbra, chance to affect: 10%)
Okay, then.
Casting: Ensorcelled Hibernation (safe; 1% risk of failure)
Confirm with . or Enter, or press ? or * to list all spells.
Your hands begin to glow red.
The death yak closely misses you.
You hit the death yak but do no damage.
The death yak is moderately wounded.
You block the death yak's attack.
The death yak gores something!
You hit the death yak but do no damage.
The death yak is moderately wounded.
The death yak gores you but does no damage.
The death yak gores something!
You hit the death yak but do no damage.
The death yak appears confused.
The death yak is moderately wounded.
You catch the helpless death yak completely off-guard!
You impale the death yak!!
The death yak is severely wounded.
The death yak completely misses something.
You barely miss the death yak.
The death yak is severely wounded.
You hit the death yak but do no damage.
The death yak is severely wounded.
The death yak gores something!
The death yak gores you!!
You die...

.......
........
S........
...<.....
.P.#.....
#####..PP
.###YY../#
...@#P....
..........
.........
.......


You could see 2 death yaks.

Vanquished Creatures
  Gastronok (Lair:1)
  2 two-headed ogres
  A centaur warrior (D:9)
  3 hydras
  Urug (D:11)
  2 death yaks (Lair:2)
  A bog body (Lair:2)
  An orc knight (Orc:2)
  An orc sorcerer (Orc:1)
  2 oklob plants
  A cyclops (Orc:1)
  A black mamba (Lair:3)
  10 elephants
  7 cane toads
  2 rime drakes
  Maggie (D:8)
  A dancing weapon (Sewer)
  3 kobold demonologists (D:11)
  3 komodo dragons (Lair:1)
  2 ice devils (Lair:2)
  5 trolls
  2 polar bears
  A hornet (D:10)
  8 blink frogs (Lair:4)
  A shadow (D:11)
  4 wyverns
  37 yaks
  6 steam dragons
  2 nagas (Lair:4)
  Edmund (D:4)
  2 wargs (D:11)
  7 water moccasins
  10 orc warriors
  A black bear (Lair:4)
  3 sky beasts (D:7)
  An ice beast (D:7)
  6 wolves (Lair:4)
  4 ogres (Orc:1)
  3 centaurs
  2 phantoms
  16 kobold brigands
  7 bullfrogs
  A necrophage (D:4)
  2 gnoll sergeants
  3 scorpions
  A cane toad simulacrum (Lair:2)
  8 killer bees
  3 electric eels (D:9)
  3 howler monkeys
  A crimson imp (D:4)
  2 jellies
  3 hounds
  2 gnoll shamans
  16 orc priests
  Natasha (thrice) (D:2)
  An iguana (D:7)
  10 orc wizards
  A troll simulacrum (Lair:2)
  A spriggan simulacrum (Lair:2)
  A statue (D:3)
  A wolf simulacrum (Lair:2)
  24 gnolls
  7 adders
  A naga simulacrum (Lair:2)
  2 river rats (Sewer)
  2 shadow imps
  2 white imps (Lair:2)
  3 worms
  2 dart slugs (D:5)
  28 orcs
  5 ball pythons
  7 endoplasms
  2 giant cockroaches (D:3)
  5 goblins
  2 hobgoblins (D:2)
  2 jackals (D:3)
  24 kobolds
  4 quokkas
  7 bats
  4 frilled lizards
  A goblin skeleton (D:4)
  A goblin zombie (D:4)
  5 hobgoblin zombies (D:4)
  A kobold skeleton (D:4)
  An orc zombie (D:4)
  15 rats
395 creatures vanquished.

Vanquished Creatures (collateral kills)
  A kobold brigand (Sewer)
1 creature vanquished.

Vanquished Creatures (others)
  9 foxfires (D:11)
  12 fungi
  15 plants
36 creatures vanquished.

Grand Total: 432 creatures vanquished

Notes
Turn   | Place    | Note
-------+----------+-------------------------------------------
     0 | D:1      | happo123 the Kobold Enchanter began the quest for the Orb.
     0 | D:1      | Reached XP level 1. HP: 10/10 MP: 3/3
   182 | D:1      | Reached XP level 2. HP: 3/15 MP: 5/5
   185 | D:1      | Learned a level 2 spell: Ensorcelled Hibernation
  1394 | D:2      | Reached XP level 3. HP: 20/20 MP: 6/6
  1398 | D:2      | Learned a level 3 spell: Tukima's Dance
  1415 | D:2      | Noticed Natasha
  1419 | D:2      | Killed Natasha
  1539 | D:2      | Reached XP level 4. HP: 24/24 MP: 2/7
  1830 | D:2      | Noticed Natasha
  1838 | D:2      | Killed Natasha
  1839 | D:2      | Reached skill level 1 in Fighting
  2152 | D:2      | Noticed Natasha
  2156 | D:2      | Killed Natasha
  2157 | D:2      | Reached XP level 5. HP: 29/29 MP: 6/9
  2205 | D:2      | Found a faded altar of an unknown god.
  2351 | D:3      | Found a shadowy altar of Dithmenos.
  2354 | D:3      | Became a worshipper of Dithmenos the Shadowed
  2402 | D:3      | Found Imolor's Magic Scroll Shop.
  2419 | D:3      | Found a radiant altar of Vehumet.
  2531 | D:3      | Found a blossoming altar of Fedhas.
  2589 | D:3      | Found a glowing drain.
  2593 | Sewer    | Entered a sewer
  2698 | Sewer    | Noticed a kobold brigand
  2703 | Sewer    | Killed a kobold brigand
  2704 | Sewer    | Reached skill level 5 in Stealth
  2704 | Sewer    | Reached XP level 6. HP: 33/35 MP: 7/10
  2716 | Sewer    | Learned a level 3 spell: Confusing Touch
  3290 | Sewer    | Reached XP level 7. HP: 9/40 MP: 0/11
  3654 | Sewer    | Reached skill level 5 in Hexes
  3845 | Sewer    | Reached * piety under Dithmenos
  4583 | D:3      | Bought a scroll of identify for 24 gold pieces
  4809 | D:3      | Reached XP level 8. HP: 46/46 MP: 13/13
  4813 | D:3      | Learned a level 3 spell: Dazzling Flash
  5313 | D:4      | Found a staircase to the Ecumenical Temple.
  5318 | D:4      | Identified the +4 short sword "Bung" {vorpal, Fly rC+}
  5324 | Temple   | Entered the Ecumenical Temple
  5449 | D:4      | Found a glowing golden altar of the Shining One.
  5508 | D:4      | Found an ancient bone altar of Kikubaaqudgha.
  5579 | D:4      | Reached ** piety under Dithmenos
  5688 | D:4      | Reached skill level 1 in Invocations
  5932 | D:4      | Found a glowing silver altar of Zin.
  5932 | D:4      | Noticed an angel
  6296 | D:4      | Noticed Edmund
  6305 | D:4      | Killed Edmund
  6424 | D:5      | Entered Level 5 of the Dungeon
  6641 | D:5      | Found a snail-covered altar of Cheibriados.
  7061 | D:5      | Reached skill level 5 in Dodging
  7773 | D:6      | Reached XP level 9. HP: 52/52 MP: 15/15
  8085 | D:7      | Identified the +8 trident "Grim" {vorpal, Int+3}
  8138 | D:7      | Reached skill level 5 in Short Blades
  8314 | D:7      | Found a broken altar of Ashenzari.
  9113 | D:7      | Reached skill level 5 in Spellcasting
  9276 | D:8      | Reached XP level 10. HP: 58/58 MP: 17/17
  9323 | D:8      | Reached skill level 5 in Fighting
  9361 | D:8      | Found a flagged portal.
  9369 | D:8      | Reached *** piety under Dithmenos
  9388 | Bailey   | Entered a bailey
  9821 | Bailey   | Found a burning altar of Makhleb.
  9959 | D:8      | Reached skill level 1 in Crossbows
  9988 | D:8      | Noticed Maggie
  9998 | D:8      | Killed Maggie
 11031 | D:9      | Reached XP level 11. HP: 64/64 MP: 14/19
 11054 | D:9      | Found a large runed translucent door.
 11055 | D:9      | Found a large runed translucent door.
 11507 | D:9      | Reached **** piety under Dithmenos
 11508 | D:9      | Reached skill level 5 in Invocations
 11513 | D:9      | Identified the +10 hand axe of Mueprelow {vorpal, MP+9
                  | Str+2}
 11728 | D:9      | Noticed a centaur warrior
 11733 | D:9      | Killed a centaur warrior
 11752 | D:9      | Identified the +4 spear "Sonun" {drain, Dex+6}
 12138 | D:9      | Found an opulent altar of Gozag.
 12150 | D:9      | Found a shimmering blue altar of Sif Muna.
 12196 | D:10     | Entered Level 10 of the Dungeon
 12271 | D:10     | Found a staircase to the Orcish Mines.
 12858 | D:10     | Noticed a two-headed ogre
 12861 | D:10     | Killed a two-headed ogre
 12862 | D:10     | Reached skill level 1 in Armour
 12976 | D:10     | Found Foug's Antique Armour Shoppe.
 13116 | Orc:1    | Entered Level 1 of the Orcish Mines
 13118 | Orc:1    | Noticed an orc sorcerer
 13120 | Orc:1    | Killed an orc sorcerer
 13500 | Orc:2    | Entered Level 2 of the Orcish Mines
 13520 | Orc:2    | Noticed an orc knight
 13761 | Orc:2    | Killed an orc knight
 14137 | Orc:2    | Noticed Rupert
 14313 | Orc:2    | Noticed a cyclops
 14320 | Orc:1    | Killed a cyclops
 14321 | Orc:1    | Reached XP level 12. HP: 59/71 MP: 19/22
 14420 | D:11     | Noticed a two-headed ogre
 14423 | D:11     | Killed a two-headed ogre
 14424 | D:11     | Reached skill level 10 in Stealth
 14459 | D:11     | Reached ***** piety under Dithmenos
 14712 | D:11     | Noticed Urug
 14721 | D:11     | Killed Urug
 14722 | D:11     | Reached skill level 10 in Hexes
 15033 | D:11     | Found a staircase to the Lair.
 15170 | D:11     | Noticed Fannar
 15473 | D:10     | Learned a level 1 spell: Foxfire
 16221 | Lair:1   | Entered Level 1 of the Lair of Beasts
 16447 | Lair:1   | Noticed Gastronok
 16459 | Lair:1   | Killed Gastronok
 17463 | Lair:2   | Noticed a death yak
 17466 | Lair:2   | Killed a death yak
 17467 | Lair:2   | Noticed a death yak
 17469 | Lair:2   | Reached XP level 13. HP: 78/78 MP: 25/25
 17667 | Lair:2   | Identified the +2 ring mail of Valiance {Dex+3}
 17717 | Lair:2   | HP: 1/78 [death yak simulacrum (19)]
 17799 | Lair:3   | Found a broken altar of Ashenzari.
 17879 | Lair:3   | Found a staircase to the Shoals.
 19331 | Lair:4   | Reached skill level 10 in Short Blades
 19774 | Lair:4   | Noticed a seven-headed hydra
 19777 | Lair:4   | Killed a seven-headed hydra
 19915 | Lair:4   | Found a staircase to the Snake Pit.
 19973 | Lair:4   | Noticed a six-headed hydra
 19976 | Lair:4   | Killed a six-headed hydra
 19976 | Lair:4   | Reached ****** piety under Dithmenos
 20168 | Lair:4   | Reached XP level 14. HP: 84/84 MP: 27/27
 20324 | Lair:4   | Upgraded the game from 0.29-a0-490-g77b3608bb8 to
                  | 0.29-a0-495-g17b79114eb
 20623 | Lair:5   | Reached skill level 1 in Air Magic
 20772 | Lair:6   | Entered Level 6 of the Lair of Beasts
 20785 | Lair:6   | Slain by a death yak

Illustrated notes

Levels and vault maps discovered:
D:1:      dpeg_arrival_ternary, layout_basic, nicolae_figureground_sparkle
D:2:      layout_loops_ring, nicolae_ecumenical_lake_church, uniq_natasha
D:3:      layout_loops_corners, vehumet_statue, fedhas_altar_2,
          grunt_dithmenos_smoke_and_mirrors, serial_shops, shop,
          gup_sewer_entry_bowl
D:4:      cheibrodos_helix_gallery, layout_gridville, zin_angel,
          mainiacjoe_overflow_six_doors_small, nicolae_tso_besieged_by_evil,
          minmay_temple_entry_arrows, uniq_edmund
D:5:      layout_basic, kennysheep_slug_shrine
D:6:      layout_loops_ring
D:7:      cheibrodos_steamvent, layout_rooms, kennysheep_mini_moat,
          hangedman_misty_isle
D:8:      layout_basic, enter_ossuary_2, enter_bailey_7, uniq_maggie
D:9:      layout_stronghold, jmf_multi_god_temple2, minmay_holes,
          kennysheep_island_fort
D:10:     layout_roguey, orc_0_dummy, serial_shops, shop
D:11:     layout_loops_cross, erik_lair_orcish_takeover, uniq_fannar, uniq_urug
Temple:   nicolae_temple_no_exploring_needed
Lair:1:   layout_big_grid, grunt_forest_small_clearing_treed, lemuel_fruit_tree,
          uniq_gastronok
Lair:2:   dreamdust_isle_of_ice, layout_loops_ring,
          chequers_serial_rivers_large_a
Lair:3:   layout_cave_pods, minmay_shoals_entry_centaurs,
          minmay_stone_trees_small, lemuel_oklob_altar,
          infiniplex_staircase_pool_2
Lair:4:   layout_cave_pods, minmay_snake_entry_guardpost_small,
          grunt_megastairs_2
Lair:5:   beast_lair_carwin_large_1, layout_gridlike, slime_altar_1,
          hellmonk_ghost_happy_afterlife, lemuel_fruit_fields
Lair:6:   grunt_lair_end_beastmaster, layout_regular_city, serial_bayou_shore_b
Orc:1:    gammafunk_beogh_shrine, layout_caves
Orc:2:    st_orc_elflike, layout_caves, basic_altar, serial_shops, shop,
          uniq_saint_roka, uniq_rupert

Skill      XL: |  1  2  3  4  5  6  7  8  9 10 11 12 13 14 |
---------------+-------------------------------------------+-----
Short Blades   | 2 3 4 6 7 8 9 10 | 10.4
Fighting       | 1 2 3 4 5 6 7 8 |  8.6
Dodging        | 3 4 5 6 7 8 9 |  9.9
Hexes          | 4 5 6 7 8 9 10 11 | 11.6
Stealth        | 5 6 7 8 9 10 11 | 11.8
Spellcasting   | 3 4 5 7 8 9 |  9.7
Invocations    | 2 3 4 5 6 7 |  7.9
Crossbows      | 2 3 4 |  4.7
Armour         | 1 2 4 |  4.1
Air Magic      | 1 |  1.5

Action                   |  1- 3 |  4- 6 |  7- 9 | 10-12 | 13-15 || total
-------------------------+-------+-------+-------+-------+-------++-------
Melee: Dagger            |    56 |   128 |   115 |       |       ||   299
       Punch             |       |     2 |     2 |     3 |    11 ||    18
       Short sword       |       |       |   101 |   237 |   294 ||   632
 Fire: Arbalest          |       |       |       |     2 |     4 ||     6
 Cast: Ensorcelled Hiber |     6 |    30 |    68 |   124 |    79 ||   307
       Confusing Touch   |       |       |     5 |     5 |    10 ||    20
       Tukima's Dance    |       |       |     2 |     3 |       ||     5
       Dazzling Flash    |       |       |     1 |     2 |     2 ||     5
       Foxfire           |       |       |       |     7 |       ||     7
Invok: Shadow Form       |       |       |       |       |     1 ||     1
Evoke: Wand              |       |       |       |     4 |       ||     4
       Tin of tremorston |       |       |       |     1 |       ||     1
  Use: Potion            |       |     1 |     1 |     2 |     4 ||     8
       Scroll            |       |       |     5 |     9 |     9 ||    23
 Stab: Sleeping          |    16 |    28 |    75 |   136 |    64 ||   319
       Confused          |       |       |     6 |     4 |    12 ||    22
       Distracted        |       |       |     4 |     3 |     4 ||    11
       Invisible         |       |       |       |     3 |     3 ||     6
Armor: Robe              |     7 |     7 |    12 |       |       ||    26
       Steam dragon scal |       |       |     1 |    30 |       ||    31
       Troll leather arm |       |       |       |       |    56 ||    56
Dodge: Dodged            |    40 |    64 |   122 |   154 |   229 ||   609
Block: Other             |     3 |    18 |    34 |    40 |    65 ||   160
       Reflection        |       |       |     2 |       |     1 ||     3

Table legend: (Time is in decaauts)
 A = Elapsed time spent in this place.
 B = Non-inter-level travel time spent in this place.
 C = Inter-level travel time spent in this place.
 D = Time resting spent in this place.
 E = Time spent auto-exploring this place.
 F = Levels seen in this place.
 G = Mean time per level.
                   A        B        C        D        E       F      G
               +--------+--------+--------+--------+--------+-----+--------+
         Total |  20800 |  16624 |   4176 |   2859 |   9655 |  22 |  945.5 |
       Dungeon |  12852 |  11298 |   1554 |   1129 |   8259 |  11 | 1168.4 |
        Temple |     27 |     23 |      4 |      0 |     11 |   1 |   27.0 |
          Lair |   4444 |   2031 |   2413 |    419 |    449 |   6 |  740.7 |
  Orcish Mines |   1218 |   1013 |    205 |    759 |      0 |   2 |  609.0 |
         Sewer |   1790 |   1790 |      0 |    286 |    936 |   1 | 1790.0 |
        Bailey |    466 |    466 |      0 |    266 |      0 |   1 |  466.0 |
               +--------+--------+--------+--------+--------+-----+--------+

Top non-repeatable levels by time:
   Sewer: 1790 daAuts
  Lair:4: 1514 daAuts
    D:11: 1415 daAuts
    D:10: 1354 daAuts
     D:4: 1315 daAuts
     D:9: 1265 daAuts
     D:1: 1233 daAuts
     D:3: 1223 daAuts
     D:8: 1211 daAuts
  Lair:3: 1193 daAuts
     D:7: 1153 daAuts
     D:2: 1039 daAuts
  Lair:1: 1032 daAuts
   Orc:1: 925 daAuts
     D:5: 924 daAuts
